 Dungeon Crawl Stone Soup version 0.24.0-13-gcf9b319 (webtiles) character file.

Game seed: 3413765185132377101, levelgen mode: deterministic

9429 craalg1 the Severer (level 11, -2/99 HPs)
             Began as a Minotaur Berserker on Mar 1, 2020.
             Was an Elder of Trog.
             Slain by a ten-headed hydra (6 damage)
             ... on level 11 of the Dungeon.
             The game lasted 01:34:14 (10228 turns).

craalg1 the Severer (Minotaur Berserker)           Turns: 10228, Time: 01:34:17

Health: -2/99      AC: 16    Str: 25    XL:     11   Next: 22%
Magic:  8/10       EV:  8    Int:  5    God:    Trog [****..]
Gold:   354        SH:  3    Dex:  9    Spells: 10/10 levels left

rFire    . . .     SeeInvis .   a - +1 hand axe
rCold    . . .     Gourm    .   (no shield)
rNeg     . . .     Faith    .   f - +1 plate armour (curse)
rPois    .         Spirit   .   (helmet restricted)
rElec    .         Reflect  +   (no cloak)
rCorr    .         Harm     .   (no gloves)
MR       +....                  (no boots)
Stlth    ..........             O - +3 amulet of reflection
HPRegen  0.26/turn              l - +1 ring of protection
MPRegen  0.12/turn              D - ring of protection from magic

@: berserk cooldown, slowed, very slow
A: retaliatory headbutt, horns 2, mutation resistance 1, MP-powered wands
a: Berserk, Trog's Hand, Brothers in Arms, Renounce Religion


You were on level 11 of the Dungeon.
You worshipped Trog.
Trog was greatly pleased with you.
You were hungry.

You visited 1 branch of the dungeon, and saw 9 of its levels.
You also visited: Ossuary.

You collected 466 gold pieces.
You spent 112 gold pieces at shops.

Inventory:

Hand Weapons
 a - a +1 hand axe (weapon)
 d - a +0 hand crossbow
 r - a +0 hunting sling
 v - a +0 dagger of speed
Missiles
 e - 278 stones
 n - 103 sling bullets
 p - 174 arrows
 z - 17 boomerangs (quivered)
 R - a throwing net
Armour
 b - a +0 animal skin
 f - a cursed +1 plate armour (worn)
 x - a +3 scale mail
 A - a +0 buckler
 B - a +2 hat of magic resistance
 G - a cursed +0 plate armour
 M - a +0 shield
 N - a +0 large shield
 P - a +0 ring mail
Magical Staves
 E - an uncursed staff of poison {unknown}
 S - an uncursed staff of fire {unknown}
Jewellery
 l - a +1 ring of protection (left hand)
 s - an uncursed amulet of rage
 t - an uncursed ring of protection from cold {unknown}
 y - an uncursed amulet of the gourmand
 D - a ring of protection from magic (right hand)
 L - an uncursed ring of positive energy
 O - a +3 amulet of reflection (around neck)
 Q - a +2 ring of dexterity
 U - an uncursed ring of resist corrosion
Wands
 g - a wand of disintegration (35)
 q - a wand of paralysis (6)
 J - a wand of polymorph (9)
 K - a wand of flame (28)
 T - a wand of acid (9)
Scrolls
 i - a scroll of fog
 k - 2 scrolls of enchant weapon
 m - 8 scrolls of remove curse
 w - 4 scrolls of identify
 C - a scroll of enchant armour
 F - a scroll of amnesia
 H - 3 scrolls of immolation
Potions
 h - 4 potions of curing
 j - a potion of berserk rage
 o - 3 potions of haste
 u - a potion of brilliance
Comestibles
 c - 12 rations


   Skills:
 + Level 9.9 Fighting
 - Level 16.1 Axes
 + Level 10.7 Armour
 - Level 2.7 Dodging
 - Level 1.0 Stealth


You had 10 spell levels left.
You didn't know any spells.
Your spell library contained the following spells:

 Spells                   Type           Power        Failure   Level  Hunger
 Confusing Touch          Hex            #.....       99%         1    ##.....
 Confuse                  Hex            #.......     100%        3    ####...
 Gell's Gravitas          Tloc           #.........   100%        3    ####...
 Petrify                  Tmut/Erth      #.......     100%        4    #####..
 Metabolic Englaciation   Hex/Ice        #.........   100%        5    ######.
 Yara's Violent Unravell  Hex/Tmut       #.........   100%        5    ######.


Dungeon Overview and Level Annotations

Branches:
Dungeon (8/15)             Temple (0/1) D:6            Lair (0/6) D:11
Ossuary (visited)

Altars:
Fedhas
Hepliaklqana
Okawaru
Wu Jian
Xom
Yredelemnul
The Shining One

Shops:
D:7 }

Annotations:
D:5 3 runed translucent doors, Ganima's ghost, amateur MiEE


Innate Abilities, Weirdness & Mutations

You reflexively headbutt those who attack you in melee.
You have a pair of horns on your head.
You are somewhat resistant to further mutation.
You expend magic power (3 MP) to strengthen your wands.


Message History

The eight-headed hydra bites you but does no damage.
The eight-headed hydra completely misses you.
The eight-headed hydra bites you but does no damage.
You lop one of the eight-headed hydra's heads off!
The seven-headed hydra grows two more!
You slash the nine-headed hydra!
The nine-headed hydra is lightly wounded.
You slice one of the nine-headed hydra's heads off!
The eight-headed hydra grows two more!
You slash the ten-headed hydra!
The ten-headed hydra is lightly wounded.
The ten-headed hydra bites you.
The ten-headed hydra bites you but does no damage.
You block the ten-headed hydra's attack.
The ten-headed hydra bites you. The ten-headed hydra bites you!
* * * LOW HITPOINT WARNING * * *
The ten-headed hydra bites you.
* * * LOW HITPOINT WARNING * * *
The ten-headed hydra bites you!
* * * LOW HITPOINT WARNING * * *
The ten-headed hydra bites you.
You die...

### #...# ..# ####.#.####
#o# #.........# #o#
####..[......## ####'###
#.†...........+ #....o.#
#÷†...........# #....o.#
#.)...........#
#....o.####.....#......##
#.....oD@.'.......>....#
#...>..####.........#..#
####§### ###.........##
#§§# #..........# #§##
#..........## §§§
#.#........# ....+
#......^.###.# #....#
#.....!... ## #....#


You could see a ten-headed hydra and 3 orcs.

Vanquished Creatures
  A death yak (D:11)
  Pikel (D:5)
  Grinder (D:4)
  A wraith (D:7)
  Eustachio (D:5)
  6 yaks
  A hungry ghost (D:5)
  A porcupine (D:11)
  3 ice beasts
  A black bear (D:8)
  2 orc warriors (D:7)
  A phantom (D:7)
  2 slaves (D:5)
  5 ogres
  A wolf (D:8)
  2 centaurs (D:6)
  2 bullfrogs
  2 scorpions (D:7)
  5 killer bees (D:4)
  A wight (D:7)
  A troll skeleton (D:7)
  A howler monkey (D:5)
  4 crimson imps
  A bullfrog zombie (D:5)
  A centaur zombie (D:5)
  A hound (D:6)
  4 orc priests
  5 human zombies (D:7)
  2 jellies
  7 orc wizards
  A human skeleton (D:7)
  Jessica (D:3)
  Terence (D:3)
  3 worker ants
  4 iguanas
  A killer bee zombie (D:7)
  3 mummies
  8 adders
  A river rat (D:11)
  4 white imps (D:8)
  An ufetubus (D:8)
  An ooze (D:1)
  2 adder zombies
  3 worms
  3 dart slugs
  4 leopard geckos
  26 orcs
  10 bats
  6 giant cockroaches
  9 goblins
  4 hobgoblins
  6 jackals
  8 kobolds
  A quokka (D:3)
  A ball python (D:5)
  6 frilled lizards
  A hobgoblin zombie (Ossuary)
  3 kobold zombies (Ossuary)
  A leopard gecko skeleton (D:5)
  2 orc zombies
  8 rats
200 creatures vanquished.

Vanquished Creatures (collateral kills)
  2 death yaks (D:11)
  An ogre (D:11)
  A quokka (D:11)
4 creatures vanquished.

Vanquished Creatures (others)
  An orc (D:7)
  5 fungi (D:5)
6 creatures vanquished.

Grand Total: 210 creatures vanquished

Notes
Turn   | Place    | Note
-------+----------+-------------------------------------------
     0 | D:1      | craalg1 the Minotaur Berserker began the quest for the Orb.
     0 | D:1      | Reached XP level 1. HP: 19/19 MP: 0/0
   252 | D:1      | Reached skill level 4 in Axes
   252 | D:1      | Reached XP level 2. HP: 25/27 MP: 1/1
   276 | D:1      | You fall into a shaft and drop 1 floor!
  1004 | D:2      | Reached XP level 3. HP: 33/34 MP: 2/2
  1331 | D:2      | Reached ** piety under Trog
  1343 | D:2      | Reached XP level 4. HP: 41/41 MP: 3/3
  1795 | D:3      | Noticed Jessica
  1796 | D:3      | Noticed Terence
  1798 | D:3      | Reached skill level 5 in Axes
  2275 | D:3      | Killed Jessica
  2275 | D:3      | Reached XP level 5. HP: 47/47 MP: 4/4
  2403 | D:3      | Reached skill level 5 in Fighting
  2673 | D:3      | Killed Terence
  2687 | D:3      | Reached XP level 6. HP: 19/56 MP: 5/5
  3304 | D:3      | Reached *** piety under Trog
  3304 | D:3      | Reached skill level 6 in Axes
  3617 | D:4      | Reached skill level 5 in Armour
  3627 | D:4      | Reached XP level 7. HP: 42/61 MP: 6/6
  3639 | D:4      | Noticed Grinder
  3888 | D:4      | Killed Grinder
  3888 | D:4      | Reached skill level 7 in Axes
  4004 | D:4      | Found a sand-covered staircase.
  4014 | Ossuary  | Entered an ossuary
  4144 | D:4      | Found a blossoming altar of Fedhas.
  4736 | D:4      | Reached skill level 8 in Axes
  4736 | D:4      | Reached XP level 8. HP: 65/70 MP: 7/7
  4881 | D:5      | Entered Level 5 of the Dungeon
  5179 | D:5      | Reached **** piety under Trog
  5204 | D:5      | Found a blossoming altar of Fedhas.
  5212 | D:5      | Reached skill level 1 in Stealth
  5228 | D:5      | Found a runed translucent gate.
  5228 | D:5      | Noticed Ganima's ghost (amateur MiEE)
  5232 | D:5      | Found a runed translucent gate.
  5232 | D:5      | Found a runed translucent gate.
  5342 | D:5      | Noticed Pikel
  5359 | D:5      | Killed Pikel
  5359 | D:5      | Reached skill level 9 in Axes
  5495 | D:5      | Noticed Eustachio
  5516 | D:5      | Killed Eustachio
  5516 | D:5      | Reached skill level 10 in Axes
  5516 | D:5      | Reached XP level 9. HP: 79/79 MP: 8/8
  5562 | D:5      | Found a shimmering altar of Xom.
  6090 | D:6      | Reached skill level 11 in Axes
  6300 | D:6      | Found a staircase to the Ecumenical Temple.
  6338 | D:6      | Found an iron altar of Okawaru.
  6553 | D:6      | Found an ornate altar of the Wu Jian Council.
  6978 | D:6      | Reached skill level 16 in Axes
  6978 | D:6      | Reached XP level 10. HP: 86/86 MP: 9/9
  7003 | D:6      | Gained mutation: You expend magic power (3 MP) to
                  | strengthen your wands. [potion of mutation]
  7003 | D:6      | Gained mutation: You are somewhat resistant to further
                  | mutation. [potion of mutation]
  7078 | D:7      | Found a shimmering altar of Xom.
  7080 | D:7      | Found a hazy altar of Hepliaklqana.
  7504 | D:7      | Found Gepsu's Gadget Shop.
  7514 | D:7      | Bought a wand of paralysis (6) for 112 gold pieces
  8258 | D:7      | Found a basalt altar of Yredelemnul.
  9320 | D:8      | Found a glowing golden altar of the Shining One.
  9823 | D:8      | Reached skill level 10 in Armour
  9871 | D:8      | Reached XP level 11. HP: 97/97 MP: 10/10
  9990 | D:8      | You fall into a shaft and drop 3 floors!
  9990 | D:11     | Found a staircase to the Lair.
  9990 | D:11     | Noticed a death yak
  9990 | D:11     | Noticed a death yak
  9991 | D:11     | Noticed a death yak
 10004 | D:11     | Killed a death yak
 10010 | D:11     | Killed a death yak
 10012 | D:11     | Killed a death yak
 10208 | D:11     | Noticed a seven-headed hydra
 10228 | D:11     | HP: 4/99 [ten-headed hydra (9)]
 10228 | D:11     | Slain by a ten-headed hydra

Levels and vault maps discovered:
D:1:      eino_arrival_cavern_a, layout_basic
D:2:      layout_basic
D:3:      layout_rooms, first_ration, st_stairs_10,
          chequers_serial_rivers_small_3, roderic_serpentine_path, minivault_5,
          uniq_jessica, uniq_terence
D:4:      layout_cave_pods, nicolae_ossuary_entry_false_entrances,
          fedhas_ov_isle_minmay, uniq_grinder
D:5:      minmay_chambers_of_fours, layout_rooms, kennysheep_mini,
          serial_aquarium, aquarium_bridge_square [aquarium_subvault_bridge,
          aquarium_subvault_window, aquarium_subvault_wall,
          aquarium_subvault_bridge], aquarium_window_fake, aquarium_window_1,
          aquarium_view_2e, aquarium_balcony_double_4,
          ebering_ghost_rock_garden, brannock_xom_greatest_gift, uniq_pikel,
          uniq_eustachio
D:6:      layout_loops_cross, okawaru_metal_pillars_1_2, lemuel_round_altar,
          minmay_temple_entry_poolview
D:7:      minmay_spotlight, layout_loops_corners,
          regret_index_temple_of_mockery, serial_shops, shop_fountains,
          hangedman_abyss_or_decor_stabs, lemuel_mausoleum_altar_yredelemnul
D:8:      layout_loops_cross, tso_metal_star, serial_ice, serial_ice_g,
          serial_ice_i, serial_ice_a, serial_ice_e
D:11:     layout_roguey, dpeg_lair_monsters, uniq_maurice

Skill      XL: |  1  2  3  4  5  6  7  8  9 10 |
---------------+-------------------------------+-----
Fighting       | 4 5 6 7 9 |  9.9
Axes           | 4 5 6 8 10 16 | 16.1
Armour         | 3 4 5 6 8 10 | 10.7
Stealth        | 1 |  1.0
Dodging        | |  2.7

Action                   |  1- 3 |  4- 6 |  7- 9 | 10-12 || total
-------------------------+-------+-------+-------+-------++-------
Melee: Hand axe          |    75 |   151 |   238 |   344 ||   808
       Headbutt          |     9 |    20 |    43 |    71 ||   143
Throw: Boomerang         |       |       |       |     2 ||     2
Invok: Berserk           |       |     4 |     4 |     3 ||    11
       Brothers in Arms  |       |       |       |     1 ||     1
Evoke: Wand              |       |       |       |     1 ||     1
  Use: Scroll            |       |     2 |     9 |     3 ||    14
       Potion            |       |     1 |     5 |     2 ||     8
 Stab: Distracted        |       |       |       |     1 ||     1
  Eat: Chunk             |     1 |     7 |    18 |     2 ||    28
       Ration            |       |     1 |     3 |     2 ||     6
Armor: Plate armour      |    62 |    95 |   105 |   120 ||   382
Dodge: Dodged            |    35 |    51 |    73 |    68 ||   227
Block: Other             |       |       |       |    23 ||    23
       Reflection        |       |       |       |     2 ||     2
